MID
WEST VIRGINIA POWER @ HAGERSTOWN SUNS
07/04/2049
 
TOP OF THE 1ST
West Virginia Power batting - Pitching for Hagerstown Suns : RHP Chris Mosley
Pitching: RHP Chris Mosley
Batting: SHB Don Hauk 0-0: Foul Ball, location: 2F
0-1: Ground out 6-3 (Groundball, 6, EV 84.4 MPH)
Batting: RHB John Savard 0-0: Swinging Strike
0-1: Ball
1-1: Foul Ball, location: 2F
1-2: Foul Ball, location: 2F
1-2: Strikes out swinging
Batting: RHB Hidesuke Yoshida 0-0: SOLO HOME RUN (Flyball, 7D, EV 95.0 MPH), Distance : 378 ft
Batting: LHB Dustin Herman 0-0: Ground out 4-3 (Groundball, 4, EV 92.5 MPH)
Top of the 1st over - 1 run, 1 hit, 0 errors, 0 left on base; West Virginia 1 - Hagerstown 0
BOTTOM OF THE 1ST
Hagerstown Suns batting - Pitching for West Virginia Power : LHP Hugo Aquino
Pitching: LHP Hugo Aquino
Batting: RHB Taffounnout Kame 0-0: Ball
1-0: Foul Ball, location: 2F
1-1: Called Strike
1-2: Foul Ball, location: 2F
1-2: Strikes out swinging
Batting: RHB Aaron Bateman 0-0: Ball
1-0: Ball
2-0: Ball
3-0: Called Strike
3-1: Ground out 6-3 (Groundball, 6, EV 100.0 MPH)
Batting: RHB Xavier Reeves 0-0: Ball
1-0: Ball
2-0: Ball
3-0: Called Strike
3-1: Base on Balls
Batting: RHB Leo Gutierrez 0-0: Called Strike
0-1: Ball
Wild Pitch!
Xavier Reeves to second
1-1: Foul Ball, location: 2F
1-2: SINGLE (Line Drive, 56D, EV 97.5 MPH)
Xavier Reeves to third
Runner from 3rd tries for Home, throw by LF and OUT! 7-2
Bottom of the 1st over - 0 runs, 1 hit, 0 errors, 1 left on base; West Virginia 1 - Hagerstown 0
TOP OF THE 2ND
West Virginia Power batting - Pitching for Hagerstown Suns : RHP Chris Mosley
Batting: RHB Rusty Trader 0-0: Swinging Strike
0-1: Ball
1-1: Ball
2-1: Called Strike
2-2: Foul Ball, location: 2F
2-2: Strikes out swinging
Batting: RHB Gary Ming 0-0: Called Strike
0-1: Ball
1-1: Foul Ball, location: 2F
1-2: Ball
2-2: Ball
3-2: Foul Ball, location: 2F
3-2: Foul Ball, location: 2F
3-2: Fly out, F3 (Line Drive, 34, EV 68.8 MPH)
Batting: RHB Tim Moore 0-0: Ground out 6-3 (Groundball, 6MS, EV 63.8 MPH)
Top of the 2nd over - 0 runs, 0 hits, 0 errors, 0 left on base; West Virginia 1 - Hagerstown 0
BOTTOM OF THE 2ND
Hagerstown Suns batting - Pitching for West Virginia Power : LHP Hugo Aquino
Batting: RHB Hun-hyeon Kym 0-0: SINGLE (Line Drive, 7S, EV 93.8 MPH)
Batting: RHB Rudolph Lentz 0-0: Called Strike
0-1: Foul Ball, location: 2F
0-2: Foul Ball, location: 2F
0-2: Fielders Choice at 2nd, 6-4 (Groundball, 56, EV 90.0 MPH)
Batting: RHB Jelexiz Cuenca 0-0: Ball
Wild Pitch!
Rudolph Lentz to second
1-0: Called Strike
1-1: Ground out 5-3 (Groundball, 56, EV 85.6 MPH)
Batting: RHB Yok-sing Szema 0-0: Swinging Strike
0-1: Foul Ball, location: 2F
0-2: Ball
1-2: Strikes out swinging
Bottom of the 2nd over - 0 runs, 1 hit, 0 errors, 1 left on base; West Virginia 1 - Hagerstown 0
TOP OF THE 3RD
West Virginia Power batting - Pitching for Hagerstown Suns : RHP Chris Mosley
Batting: RHB Herbert Loveless 0-0: Called Strike
0-1: SINGLE (Groundball, 6D, EV 96.9 MPH)
Batting: RHB Joe Bower 0-0: Called Strike
0-1: Hit by Pitch
Herbert Loveless to second
Batting: SHB Don Hauk 0-0: Ball
1-0: Foul Ball, location: 2F
1-1: Reached on error, E5 (Groundball, 5, EV 93.1 MPH)
Herbert Loveless to third
Joe Bower to second
Batting: RHB John Savard 0-0: Ball
1-0: Swinging Strike
1-1: Ball
2-1: Foul Ball, location: 2F
2-2: Foul Ball, location: 2F
2-2: Ball
3-2: Strikes out swinging
Batting: RHB Hidesuke Yoshida 0-0: Ball
1-0: Ball
2-0: Foul Ball, location: 2F
2-1: Ball
3-1: Base on Balls
Herbert Loveless scores
Joe Bower to third
Don Hauk to second
Batting: LHB Dustin Herman 0-0: Ball
1-0: GRAND SLAM HOME RUN (Flyball, 9LD, EV 88.8 MPH), Distance : 335 ft
Batting: RHB Rusty Trader 0-0: Ball
1-0: Ball
2-0: Ball
3-0: Swinging Strike
3-1: Foul Ball, location: 2F
3-2: Strikes out swinging, 2-3 out at first.
Batting: RHB Gary Ming 0-0: Ball
1-0: Foul Ball, location: 2F
1-1: Called Strike
1-2: Foul Ball, location: 2F
1-2: Foul Ball, location: 2F
1-2: Fly out, F2 (Popup, 5SF, EV 81.2 MPH)
Top of the 3rd over - 5 runs, 2 hits, 1 error, 0 left on base; West Virginia 6 - Hagerstown 0
BOTTOM OF THE 3RD
Hagerstown Suns batting - Pitching for West Virginia Power : LHP Hugo Aquino
Batting: RHB Ken Yeadon 0-0: Ball
1-0: Ball
2-0: Ball
3-0: Called Strike
3-1: Swinging Strike
3-2: Foul Ball, location: 2F
3-2: Ground out U3 (Groundball, 34S, EV 73.1 MPH)
Batting: RHB Taffounnout Kame 0-0: Foul Ball, location: 2F
0-1: Called Strike
0-2: Ball
1-2: Ball
2-2: Foul Ball, location: 2F
2-2: Ball
3-2: Base on Balls
Batting: RHB Aaron Bateman 0-0: Foul Ball, location: 2F
0-1: Called Strike
Taffounnout Kame is caught stealing 2nd base 2-4
0-2: Ball
1-2: SINGLE (Groundball, 6MD, EV 106.9 MPH)
Batting: RHB Xavier Reeves 0-0: Called Strike
0-1: Called Strike
0-2: Strikes out swinging
Bottom of the 3rd over - 0 runs, 1 hit, 0 errors, 1 left on base; West Virginia 6 - Hagerstown 0
TOP OF THE 4TH
West Virginia Power batting - Pitching for Hagerstown Suns : RHP Chris Mosley
Pitching: RHP Gary Simmons
Batting: RHB Tim Moore 0-0: Ball
1-0: Foul Ball, location: 2F
1-1: Ball
2-1: Ball
3-1: Foul Ball, location: 2F
3-2: Fly out, F8 (Flyball, 8RD, EV 95.0 MPH)
Batting: RHB Herbert Loveless 0-0: Called Strike
0-1: Swinging Strike
0-2: Strikes out looking
Batting: RHB Joe Bower 0-0: Called Strike
0-1: Ball
1-1: Ball
2-1: Foul Ball, location: 2F
2-2: Ball
3-2: Base on Balls
Batting: SHB Don Hauk 0-0: Called Strike
0-1: Swinging Strike
0-2: Strikes out looking
Top of the 4th over - 0 runs, 0 hits, 0 errors, 1 left on base; West Virginia 6 - Hagerstown 0
BOTTOM OF THE 4TH
Hagerstown Suns batting - Pitching for West Virginia Power : LHP Hugo Aquino
Batting: RHB Leo Gutierrez 0-0: Called Strike
0-1: Ball
1-1: Ground out 6-3 (Groundball, 6, EV 83.8 MPH)
Batting: RHB Hun-hyeon Kym 0-0: Ball
1-0: Ground out U3 (Groundball, 34, EV 85.6 MPH)
Batting: RHB Rudolph Lentz 0-0: Ball
1-0: Called Strike
1-1: Foul Ball, location: 2F
1-2: Ball
2-2: Strikes out swinging
Bottom of the 4th over - 0 runs, 0 hits, 0 errors, 0 left on base; West Virginia 6 - Hagerstown 0
TOP OF THE 5TH
West Virginia Power batting - Pitching for Hagerstown Suns : RHP Gary Simmons
Batting: RHB John Savard 0-0: Ball
1-0: Ball
2-0: Ball
3-0: Called Strike
3-1: Fly out, F4 (Popup, 23, EV 83.8 MPH)
Batting: RHB Hidesuke Yoshida 0-0: Foul Ball, location: 2F
0-1: Ball
1-1: Ball
2-1: SINGLE (Groundball, 56S, EV 67.5 MPH) (infield hit)
Batting: LHB Dustin Herman 0-0: Called Strike
Hidesuke Yoshida steals 2nd base
0-1: Ball
1-1: Ball
2-1: Ball
3-1: Called Strike
3-2: Foul Ball, location: 2F
3-2: Foul Ball, location: 2F
3-2: Foul Ball, location: 2F
3-2: Base on Balls
Batting: RHB Rusty Trader 0-0: Ball
1-0: Foul Ball, location: 2F
1-1: Called Strike
1-2: Strikes out swinging
Batting: RHB Gary Ming 0-0: Ball
1-0: Ball
2-0: Ball
3-0: Base on Balls
Hidesuke Yoshida to third
Dustin Herman to second
Batting: RHB Tim Moore 0-0: Ball
1-0: Called Strike
1-1: Ball
2-1: SINGLE (Groundball, 4MD, EV 99.4 MPH)
Hidesuke Yoshida scores
Dustin Herman to third
Gary Ming to second
Runner from 3rd tries for Home, throw by CF and OUT! 8-2
Top of the 5th over - 1 run, 2 hits, 0 errors, 2 left on base; West Virginia 7 - Hagerstown 0
BOTTOM OF THE 5TH
Hagerstown Suns batting - Pitching for West Virginia Power : LHP Hugo Aquino
Batting: RHB Jelexiz Cuenca 0-0: Ball
1-0: Reached on error, E1 (Groundball, 15S, EV 66.2 MPH)
Batting: RHB Yok-sing Szema 0-0: Ball
1-0: Called Strike
1-1: Ball
2-1: Foul Ball, location: 2F
2-2: SINGLE (Groundball, 6D, EV 101.2 MPH)
Jelexiz Cuenca to third
Batting: RHB Ken Yeadon 0-0: Ball
1-0: Ball
2-0: Foul Ball, location: 2F
2-1: Foul Ball, location: 2F
2-2: Fly out, F2 (Popup, 2RF, EV 90.0 MPH)
Batting: RHB Taffounnout Kame 0-0: Ball
1-0: Called Strike
1-1: Ball
2-1: Fielders Choice at 2nd, 6-4 (Groundball, 6, EV 81.9 MPH)
Jelexiz Cuenca scores
Batting: RHB Aaron Bateman 0-0: Called Strike
Taffounnout Kame steals 2nd base (no throw)
0-1: Foul Ball, location: 2F
0-2: SINGLE (Groundball, 4M, EV 105.0 MPH) (infield hit)
Taffounnout Kame to third
Batting: RHB Xavier Reeves 0-0: Ball
1-0: Swinging Strike
1-1: Ball
2-1: Ground out 5-3 (Groundball, 56S, EV 87.5 MPH)
Bottom of the 5th over - 1 run, 2 hits, 1 error, 2 left on base; West Virginia 7 - Hagerstown 1
TOP OF THE 6TH
West Virginia Power batting - Pitching for Hagerstown Suns : RHP Gary Simmons
Batting: RHB Herbert Loveless 0-0: Ball
1-0: Called Strike
1-1: SINGLE (Line Drive, 56D, EV 99.4 MPH)
Pitching: RHP Joe Adelmann
Batting: RHB Joe Bower 0-0: Ball
1-0: 2-RUN HOME RUN (Flyball, 7LD, EV 94.4 MPH), Distance : 361 ft
Batting: SHB Don Hauk 0-0: Foul Ball, location: 2F
0-1: Foul Ball, location: 2F
0-2: Ball
1-2: Strikes out swinging
Batting: RHB John Savard 0-0: Ground out 4-3 (Groundball, 4, EV 88.1 MPH)
Batting: RHB Hidesuke Yoshida 0-0: Ball
1-0: Ground out 4-3 (Groundball, 4, EV 105.6 MPH)
Top of the 6th over - 2 runs, 2 hits, 0 errors, 0 left on base; West Virginia 9 - Hagerstown 1
BOTTOM OF THE 6TH
Hagerstown Suns batting - Pitching for West Virginia Power : LHP Hugo Aquino
Batting: RHB Leo Gutierrez 0-0: Ball
1-0: Ball
2-0: Ball
3-0: Called Strike
3-1: Called Strike
3-2: Reached on error, E6 (Groundball, 6, EV 105.6 MPH)
Batting: RHB Hun-hyeon Kym 0-0: Grounds into double play, 6-4-3 (Groundball, 6, EV 97.5 MPH)
Batting: RHB Rudolph Lentz 0-0: Called Strike
0-1: Swinging Strike
0-2: Ball
1-2: Strikes out swinging
Bottom of the 6th over - 0 runs, 0 hits, 1 error, 0 left on base; West Virginia 9 - Hagerstown 1
TOP OF THE 7TH
West Virginia Power batting - Pitching for Hagerstown Suns : RHP Joe Adelmann
Batting: LHB Dustin Herman 0-0: Ball
1-0: Ball
2-0: Ball
3-0: Called Strike
3-1: SINGLE (Groundball, 34D, EV 103.1 MPH) (infield hit)
Batting: RHB Rusty Trader 0-0: Fly out, F7 (Flyball, 7, EV 79.4 MPH)
Batting: RHB Gary Ming 0-0: Ball
Dustin Herman steals 2nd, throwing error, E2
Dustin Herman to third
1-0: Ground out 6-3 (Groundball, 56, EV 102.5 MPH)
Dustin Herman scores
Batting: RHB Tim Moore 0-0: Ball
1-0: Called Strike
1-1: Foul Ball, location: 2F
1-2: Foul Ball, location: 2F
1-2: Foul Ball, location: 2F
1-2: Foul Ball, location: 2F
1-2: Foul Ball, location: 2F
1-2: SINGLE (Groundball, 34D, EV 100.6 MPH)
Batting: RHB Herbert Loveless 0-0: Ball
1-0: Called Strike
1-1: Swinging Strike
1-2: Ball
2-2: Strikes out swinging
Top of the 7th over - 1 run, 2 hits, 1 error, 1 left on base; West Virginia 10 - Hagerstown 1
BOTTOM OF THE 7TH
Hagerstown Suns batting - Pitching for West Virginia Power : LHP Hugo Aquino
Pitching: RHP Randy Nelligan
Batting: RHB Jelexiz Cuenca 0-0: Ball
1-0: Ball
2-0: Called Strike
2-1: Called Strike
2-2: Ball
3-2: Strikes out swinging
Batting: RHB Yok-sing Szema 0-0: Called Strike
0-1: Ball
1-1: Called Strike
1-2: Strikes out swinging
Batting: RHB Ken Yeadon 0-0: Called Strike
0-1: Foul Ball, location: 2F
0-2: Ball
1-2: Strikes out swinging
Bottom of the 7th over - 0 runs, 0 hits, 0 errors, 0 left on base; West Virginia 10 - Hagerstown 1
TOP OF THE 8TH
West Virginia Power batting - Pitching for Hagerstown Suns : RHP Joe Adelmann
Batting: RHB Joe Bower 0-0: Ball
1-0: Reached via error on a dropped throw from 3B, E3 (Groundball, 5L, EV 76.9 MPH)
Pitching: LHP Kevin Besser
Pinch Hitting: RHB Randy Bergman 0-0: Called Strike
0-1: Ball
1-1: Foul Ball, location: 2F
1-2: Strikes out swinging
Batting: RHB John Savard 0-0: Called Strike
0-1: Ball
1-1: Fly out, F5 (Popup, 56S, EV 73.8 MPH)
Batting: RHB Hidesuke Yoshida 0-0: Ball
1-0: Ball
2-0: Foul Ball, location: 2F
2-1: Ball
3-1: Called Strike
3-2: Base on Balls
Joe Bower to second
Batting: LHB Dustin Herman 0-0: Ground out 3-1 (Groundball, 34, EV 84.4 MPH)
Top of the 8th over - 0 runs, 0 hits, 1 error, 2 left on base; West Virginia 10 - Hagerstown 1
BOTTOM OF THE 8TH
Hagerstown Suns batting - Pitching for West Virginia Power : RHP Randy Nelligan
Now in LF: Randy Bergman
Batting: RHB Taffounnout Kame 0-0: Ball
1-0: Ball
2-0: Called Strike
2-1: Foul Ball, location: 2F
2-2: Ball
3-2: Base on Balls
Batting: RHB Aaron Bateman 0-0: Ball
Balk!
Taffounnout Kame to second
1-0: Foul Ball, location: 2F
1-1: Foul Ball, location: 2F
1-2: Strikes out swinging, 2-3 out at first.
Pinch Hitting: RHB Jason Ewert 0-0: Ball
1-0: Ball
2-0: SINGLE (Groundball, 56D, EV 95.6 MPH)
Taffounnout Kame to third
Runner from 3rd tries for Home, throw by LF and OUT! 7-2
Jason Ewert to second
Batting: RHB Leo Gutierrez 0-0: Ball
1-0: Foul Ball, location: 2F
1-1: Foul Ball, location: 2F
1-2: Foul Ball, location: 2F
1-2: Strikes out looking
Bottom of the 8th over - 0 runs, 1 hit, 0 errors, 1 left on base; West Virginia 10 - Hagerstown 1
TOP OF THE 9TH
West Virginia Power batting - Pitching for Hagerstown Suns : LHP Kevin Besser
Now at SS: Jason Ewert
Batting: RHB Rusty Trader 0-0: Ball
1-0: Ground out 5-3 (Groundball, 56D, EV 81.9 MPH)
Batting: RHB Gary Ming 0-0: SINGLE (Groundball, 6MD, EV 104.4 MPH)
Batting: RHB Tim Moore 0-0: Ball
1-0: Ball
2-0: Foul Ball, location: 2F
2-1: Foul Ball, location: 2F
2-2: Ground out 5-3 (Groundball, 56S, EV 68.1 MPH)
Gary Ming to second
Batting: RHB Herbert Loveless 0-0: Swinging Strike
0-1: Ball
1-1: Ball
2-1: Called Strike
2-2: Foul Ball, location: 2F
2-2: Ground out 5-3 (Groundball, 5L, EV 104.4 MPH)
Top of the 9th over - 0 runs, 1 hit, 0 errors, 1 left on base; West Virginia 10 - Hagerstown 1
BOTTOM OF THE 9TH
Hagerstown Suns batting - Pitching for West Virginia Power : RHP Randy Nelligan
Batting: RHB Hun-hyeon Kym 0-0: Ball
1-0: Fly out, F7 (Flyball, 78M, EV 84.4 MPH)
Pinch Hitting: RHB Chad Madsen 0-0: Swinging Strike
0-1: Ball
1-1: Swinging Strike
1-2: Ball
2-2: Fly out, F4 (Popup, 4S, EV 70.0 MPH)
Batting: RHB Jelexiz Cuenca 0-0: Ball
1-0: Ball
2-0: Ball
3-0: Base on Balls
Pitching: RHP Justin West
Batting: RHB Yok-sing Szema 0-0: Fielders Choice at 2nd, 6-4 (Groundball, 6, EV 99.4 MPH)
Bottom of the 9th over - 0 runs, 0 hits, 0 errors, 1 left on base; West Virginia 10 - Hagerstown 1
Sunday, July 16th , 2023 - OOTP Baseball 24.6 Build 69